Cogmind - Beta 13 X1 @@@ ROGUE MODE // 2023.09.25 @ 17:12:25 Player: f3-rnm Result: Destroyed by L-31 Rogue with Katana Performance ------------- Evolutions (0) 0 Regions Visited (4) 800 Robots Destroyed (21) 105 Value Destroyed (480) 480 Prototype IDs (0) 0 Alien Tech Used (0) 0 Bonus (0) 0 TOTAL SCORE: 1385 Bonus ------- None Cogmind --------- Core Integrity 0/250 Matter 212/300 Energy 100/100 System Corruption 5% Temperature Cool (0) Movement Treading (480) Ox4 Location -9/Mines Parts ------- > --- POWER (1) -------- (None) > --- PROPULSION (2) --- Light Treads > --- UTILITY (2) ------ Huge Storage Unit > --- WEAPON (2) ------- Light Cannon > --- INVENTORY (25) --- Light Ion Engine Light Nuclear Core Light Angular Momentum Engine Light Treads Aluminum Leg Heat Sink Improved Heat Sink Small Storage Unit High-capacity Matter Pod (200) Structural Scanner Light Armor Plating EM Pulse Gun Beamcaster Light Assault Rifle Grenade Launcher Peak State ------------ > --- POWER ------------ Light Ion Engine > --- PROPULSION ------- Light Treads Light Treads > --- UTILITY ---------- Huge Storage Unit Light Armor Plating > --- WEAPON ----------- Light Assault Rifle Heavy Assault Rifle > --- INVENTORY -------- Light Ion Engine Light Nuclear Core Light Treads Aluminum Leg Heat Sink Small Storage Unit High-capacity Matter Pod Structural Scanner Light Armor Plating EM Pulse Gun Beamcaster Light Cannon Light Cannon Grenade Launcher [Rating: 10] Favorites ----------- Power Light Ion Engine Engine Light Ion Engine Propulsion Light Treads Treads Light Treads Utility Large Storage Unit Device Seismic Detector Storage Large Storage Unit Protection Light Armor Plating Weapon Light Assault Rifle Energy Gun EM Pulse Gun Ballistic Gun Light Assault Rifle Ballistic Cannon Light Cannon Build | -11 -10 -10 -10 -9 ------- Run | Jun Mat Min Exi Min Slots Evolved . | . . . . . Power . | . . . . . Propulsion . | . . . . . Utility . | . . . . . Weapon . | . . . . . Parts Attached 28 | 6 7 12 . 3 Power 3 | 1 . 2 . . Engine 3 | 1 . 2 . . Core . | . . . . . Reactor . | . . . . . Propulsion 6 | 2 2 2 . . Treads 6 | 2 2 2 . . Leg . | . . . . . Wheel . | . . . . . Hover . | . . . . . Flight . | . . . . . Utility 8 | 1 3 4 . . Device 2 | . 1 1 . . Storage 3 | 1 1 1 . . Processor . | . . . . . Hackware . | . . . . . Protection 3 | . 1 2 . . Artifact . | . . . . . Weapon 11 | 2 2 4 . 3 Energy Gun 5 | 2 2 1 . . Energy Cannon . | . . . . . Ballistic Gun 4 | . . 3 . 1 Ballistic Cannon 2 | . . . . 2 Launcher . | . . . . . Special Weapon . | . . . . . Impact Weapon . | . . . . . Slashing Weapon . | . . . . . Piercing Weapon . | . . . . . Special Melee Weapon . | . . . . . Unidentified Prototypes . | . . . . . Parts Lost 11 | . 4 4 . 3 Power 2 | . . 1 . 1 Propulsion 3 | . 1 2 . . Utility 2 | . 1 . . 1 Weapon 4 | . 2 1 . 1 Highest Loss Streak 3 | . 2 2 . 3 To Critical Strikes . | . . . . . Average Slot Usage (%) 93 | . 93 99 77 57 Engine 13 | . 14 13 14 7 Treads 27 | . 27 27 28 14 Storage 14 | . 14 14 14 14 Protection 10 | . 7 13 14 . Energy Gun 14 | . 27 6 . . Ballistic Gun 10 | . . 21 6 14 Naked Turns . | . . . . . Heaviest Build 90 | 11 28 90 90 89 Greatest Support 40 | 40 40 40 40 20 Greatest Overweight (x) 4 | . . 2 2 4 Average Overweight (x) . | . . . 2 4 Largest Inventory Capacity 25 | 8 15 25 25 25 Average Capacity 17 | 6 14 17 25 25 Most Carried 18 | 5 15 16 18 17 Average Carried 12 | 2 9 13 17 15 Final Capacity 25 | 8 15 25 25 25 Final Carried 18 | 2 14 16 18 15 Class Distribution -------------------- 86% | Mutant 13% | Scavenger-Mutant Dominant Class ---------------- Mutant | -10/Materials Mutant | -10/Mines Mutant | -10/Exiles Mutant | -9/Mines Resources | -11 -10 -10 -10 -9 ----------- Run | Jun Mat Min Exi Min Matter Collected 714 | 231 271 212 . . Remotely . | . . . . . Salvage Created 657 | . 477 180 . . Parts 40 | . 28 12 . . Haulers Intercepted 1 | . 1 . . . Recyclers Shooed 3 | . 2 1 . . Parts Field Recycled . | . . . . . Retrieved Matter . | . . . . . Parts Self-Destructed . | . . . . . Prevented . | . . . . . Kills | -11 -10 -10 -10 -9 ------- Run | Jun Mat Min Exi Min Combat Hostiles Destroyed 17 | . 9 8 . . Guns 15 | . 7 8 . . AOE 1 | . 1 . . . Classes Destroyed 5 | . 3 2 . . Worker 1 | . . 1 . . Hauler 1 | . 1 . . . Watcher 2 | . 2 . . . Swarmer 8 | . . 8 . . Grunt 9 | . 9 . . . Best Kill Streak 3 | . 2 3 . . Combat Bots Only 3 | . 2 3 . . Max Kills in Single Turn 1 | . 1 1 . . Gunslinging . | . . . . . Exploded 1 | . 1 . . . Melee . | . . . . . Uniques/NPCs Destroyed . | . . . . . Combat | -11 -10 -10 -10 -9 -------- Run | Jun Mat Min Exi Min Damage Taken 1638 | . 640 669 . 329 Core 271 | . 108 64 . 99 Absorbed by Shields . | . . . . . Redirected to Shielding 13 | . . 13 . . Regen/Repaired (Parts) 126 | . 126 . . . Core Remaining (%) 100 | 100 . . . . Volleys Fired 98 | . 56 37 . 5 Largest 2 | . 2 2 . 2 Hottest 90 | . 90 80 . 58 Shots Fired 190 | . 108 74 . 8 Gun 186 | . 108 74 . 4 Cannon 4 | . . . . 4 Launcher . | . . . . . Special . | . . . . . Kinetic 52 | . . 44 . 8 Thermal 99 | . 83 16 . . Explosive . | . . . . . Electromagnetic 39 | . 25 14 . . Robot Hit Streak 9 | . 9 3 . 5 Robot Miss Streak 5 | . 4 5 . 1 Penetration Max . | . . . . . Secondary Targets 2 | . . 2 . . Max Gunslinging Chain 1 | . . 1 . . Shots Hit Robots 102 | . 64 31 . 7 Core Hits 37 | . 24 13 . . Critical Kills . | . . . . . Critical Parts Destroyed . | . . . . . Critical Strikes 4 | . 4 . . . Burn 4 | . 4 . . . Melee Attacks . | . . . . . Impact . | . . . . . Slashing . | . . . . . Piercing . | . . . . . Sneak Attacks . | . . . . . Combat Hostiles . | . . . . . Follow-up Attacks . | . . . . . Damage Inflicted 1489 | . 907 458 . 124 Guns 1235 | . 807 381 . 47 Cannons 77 | . . . . 77 Explosions 173 | . 96 77 . . Melee . | . . . . . Ramming 4 | . 4 . . . Kinetic 344 | . . 220 . 124 Thermal 819 | . 686 133 . . Explosive . | . . . . . Electromagnetic 322 | . 217 105 . . Impact . | . . . . . Slashing . | . . . . . Piercing . | . . . . . Highest Corruption 5 | . 5 5 5 5 Average Corruption 4 | . 4 5 5 5 Corruption Purged . | . . . . . Corruption Blocked . | . . . . . Effects 42 | . 7 24 10 1 Message Errors 7 | . 2 2 3 . Matter Fused 8 | . 1 4 3 . Heat Flow Errors 5 | . 2 3 . . Energy Discharges 8 | . 1 6 1 . Data Loss (minor) 8 | . . 5 3 . Data Loss (major) 2 | . 1 1 . . Misfires 1 | . . 1 . . Alerts 2 | . . 2 . . Weapon Failures 1 | . . . . 1 Overload Shots . | . . . . . Overflow Damage 29 | . . 29 . . Projectiles . | . . . . . Explosions 29 | . . 29 . . Melee . | . . . . . Knockbacks 2 | . . . . 2 Impact . | . . . . . Kinetic 2 | . . . . 2 Secondary . | . . . . . Self-Inflicted Damage 76 | . 37 39 . . Shots 2 | . 1 1 . . Rammed 2 | . 2 . . . Targets Rammed 2 | . 2 . . . Kicked . | . . . . . Crushed . | . . . . . Highest Temperature 372 | . 372 141 . 5 Average Temperature 88 | . 106 52 . 4 Received Heat Transfer 375 | . 339 . . 36 Effects 1 | . 1 . . . Shutdowns 1 | . 1 . . . Siege Activations . | . . . . . Robots Corrupted . | . . . . . Combat Hostiles . | . . . . . Parts Fried . | . . . . . Impact Corruptions . | . . . . . Robots Melted 1 | . 1 . . . Combat Hostiles 1 | . 1 . . . Parts Melted 4 | . 4 . . . Heat Transferred 2219 | . 1994 225 . . Parts Sabotaged . | . . . . . Parts Stolen . | . . . . . Parts Stripped . | . . . . . Power Chain Reactions 3 | . 2 1 . . Missiles Intercepted . | . . . . . Alert | -11 -10 -10 -10 -9 ------- Run | Jun Mat Min Exi Min Peak Influence 194 | . 194 159 . . Initial 14 | . . 14 . . Average 50 | . 62 42 . . Maximum Alert Level . | . . . . . Low Security (%) 100 | 100 100 100 . 100 Level 1 . | . . . . . Level 2 . | . . . . . Level 3 . | . . . . . Level 4 . | . . . . . Level 5 . | . . . . . High Security . | . . . . . Max Security . | . . . . . Squads Dispatched 2 | . 2 . . . Investigation 1 | . 1 . . . Extermination . | . . . . . Reinforcement 1 | . 1 . . . Assault . | . . . . . Garrison . | . . . . . Intercept . | . . . . . Searches Triggered . | . . . . . Construction Impeded . | . . . . . Haulers Reinforced . | . . . . . Active Scanning Responses . | . . . . . Cargo Convoy Interrupts . | . . . . . Stealth | -11 -10 -10 -10 -9 --------- Run | Jun Mat Min Exi Min Distress Signals 2 | . 2 . . . Communications Jammed . | . . . . . Distress Signals . | . . . . . Times Spotted 36 | . 24 10 . 2 Peak Tracking Total 4 | . 4 3 . 2 Tactical Retreats 3 | . 3 . . . Traps | -11 -10 -10 -10 -9 ------- Run | Jun Mat Min Exi Min Traps Triggered 4 | . 4 . . . Indirectly . | . . . . . Trap Hack Attempts . | . . . . . Triggered . | . . . . . Disarmed . | . . . . . Reprogrammed . | . . . . . Reused . | . . . . . Traps Extracted . | . . . . . Installed . | . . . . . Triggered . | . . . . . Machines | -11 -10 -10 -10 -9 ---------- Run | Jun Mat Min Exi Min Machines Disabled 2 | . 2 . . . Max in Single Turn 1 | . 1 . . . Machines Repaired . | . . . . . Machines Sabotaged . | . . . . . Overloaded Fab Kills . | . . . . . Hacking | -11 -10 -10 -10 -9 --------- Run | Jun Mat Min Exi Min Machines Accessed 4 | . 3 . 1 . Terminals 2 | . 2 . . . Fabricators . | . . . . . Repair Stations 1 | . 1 . . . Recycling Units . | . . . . . Scanalyzers . | . . . . . Garrison Access . | . . . . . Total Hacks 6 | . 5 . 1 . Successful 4 | . 3 . 1 . Failed 2 | . 2 . . . Catastrophic 1 | . 1 . . . Database Lockouts . | . . . . . Manual . | . . . . . Terminals 3 | . 3 . . . Fabricators . | . . . . . Repair Stations 2 | . 2 . . . Recycling Units . | . . . . . Scanalyzers . | . . . . . Garrison Access . | . . . . . Terminal Hacks 2 | . 1 . 1 . Record 1 | . . . 1 . Hauler Manifests 1 | . 1 . . . Fabricator Hacks . | . . . . . Repair Station Hacks 2 | . 2 . . . Scan Component 1 | . 1 . . . Repair 1 | . 1 . . . Recycling Unit Hacks . | . . . . . Scanalyzer . | . . . . . Garrison Access Hacks . | . . . . . Unauthorized Hacks . | . . . . . Terminals . | . . . . . Fabricators . | . . . . . Repair Stations . | . . . . . Recycling Units . | . . . . . Scanalyzers . | . . . . . Garrison Access . | . . . . . Data Cores Recovered . | . . . . . Used . | . . . . . Hacking Detections 1 | . 1 . . . Full Trace Events 1 | . 1 . . . Feedback Events . | . . . . . Feedback Blocked . | . . . . . Robot Schematics Acquired . | . . . . . Robots Built . | . . . . . Authchips . | . . . . . Time . | . . . . . Total Robot Build Rating . | . . . . . Part Schematics Acquired . | . . . . . Parts Built . | . . . . . Authchips . | . . . . . Time . | . . . . . Total Part Build Rating . | . . . . . Parts Repaired 1 | . 1 . . . Time 26 | . 26 . . . Parts Recycled . | . . . . . Recycled Matter . | . . . . . Retrieved Matter . | . . . . . Retrieved Components . | . . . . . Parts Scanalyzed . | . . . . . Part Schematics Acquired . | . . . . . Parts Damaged . | . . . . . Bothacking | -11 -10 -10 -10 -9 ------------ Run | Jun Mat Min Exi Min Used RIF Installer . | . . . . . Robots Hacked . | . . . . . Non-combat . | . . . . . Combat . | . . . . . Robot Hacks Applied . | . . . . . Relay Couplers Released . | . . . . . Fabnet Peak Effective % . | . . . . . Robots Rewired . | . . . . . Allies Hacked . | . . . . . Hacks Repelled . | . . . . . Allies | -11 -10 -10 -10 -9 -------- Run | Jun Mat Min Exi Min Total Allies 2 | . . 2 . . Largest Group 2 | . . 2 1 . Highest-Rated Group 45 | . . 45 14 . Highest-Rated Ally 31 | . . 31 14 . Total Orders . | . . . . . Ally Attacks 2 | . . 2 . . Total Damage 20 | . . 20 . . Kills . | . . . . . Allies Corrupted . | . . . . . Allies Melted . | . . . . . Intel | -11 -10 -10 -10 -9 ------- Run | Jun Mat Min Exi Min Robot Analysis Total . | . . . . . Derelict Logs Recovered 2 | . . 2 . . Drone Launches . | . . . . . Drone Recoveries . | . . . . . Exploration | -11 -10 -10 -10 -9 ------------- Run | Jun Mat Min Exi Min Turns Passed 2881 | 65 1164 1209 423 20 Spaces Moved 1294 | 43 561 557 132 1 Core 15 | 15 . . . . Treads 1279 | 28 561 557 132 1 Legs . | . . . . . Wheels . | . . . . . Hover . | . . . . . Flight . | . . . . . Fastest Speed 50 | 50 160 160 320 480 Average Speed 187 | 121 160 187 320 480 Slowest Speed 480 | 160 160 320 320 480 Overloaded Moves . | . . . . . Propulsion Burnouts . | . . . . . Robots Hopped . | . . . . . Cave-ins Triggered . | . . . . . Exploration Rate (%) 47 | 5 80 98 50 3 Regions Visited 4 Branch Regions 3 Pre-discovered Areas 2 | . . 1 1 . Known Exits Taken . | . . . . . Unknown Exits Taken 4 | 1 1 1 1 . Scrap Searched 1 | . . 1 . . Spaces Dug . | . . . . . Terrain Destroyed 13 | . 8 5 . . Melee . | . . . . . Projectile . | . . . . . AOE 13 | . 8 5 . . Terrain Rammed . | . . . . . Walls Destroyed . | . . . . . Machines Disabled . | . . . . . Actions | -11 -10 -10 -10 -9 --------- Run | Jun Mat Min Exi Min Total 1575 | 56 718 657 135 9 Wait 107 | . 75 32 . . Move 1290 | 42 560 556 131 1 Hop . | . . . . . Pick Up 39 | 8 18 11 2 . Fast Attach 3 | . . 3 . . Attach 20 | 6 6 5 . 3 Detach . | . . . . . Swap 5 | . 1 4 . . Drop 11 | . . 9 2 . Fire 98 | . 56 37 . 5 Melee . | . . . . . Ram . | . . . . . Kick . | . . . . . Crush 2 | . 2 . . . Escape Stasis . | . . . . . Rewire . | . . . . . Trap . | . . . . . Miscellaneous . | . . . . . Route ------- -11/Junkyard -10/Materials (discovered 5 exits: [*Mat x2] / [*Min x2] / [*Sub]) -10/Mines (discovered 3 exits: [*Mat x2] / *Exi) -10/Exiles (discovered 2 exits: [*Min x2]) -9/Mines History --------- Turn | Location | Event 6 | -11/Junkyard | Discovered new exit (range 15) 66 | -11/Junkyard | Entered Materials 311 | -10/Materials | Build established: Mutant 792 | -10/Materials | Discovered new exit (range 11) 861 | -10/Materials | Discovered new exit (range 15) 968 | -10/Materials | Discovered new exit (range 14) 1042 | -10/Materials | Discovered new exit (range 13) 1161 | -10/Materials | Repaired Lgt. Treads 1206 | -10/Materials | Discovered new exit (range 7) 1230 | -10/Materials | Entered Mines 1239 | -10/Mines | Core integrity fell below 50% 1599 | -10/Mines | Discovered new exit (range 3) 1648 | -10/Mines | Learned Materials terminal intel 1754 | -10/Mines | Joined a pair of Derelicts in attacking an 0b10 outpost 1983 | -10/Mines | Deemed a non-threat by the Exiles lab entrance 1983 | -10/Mines | Discovered new exit (range 5) 2118 | -10/Mines | Discovered new exit (range 5) 2439 | -10/Mines | Entered Exiles 2439 | -10/Exiles | Accompanied by 1 ally 2463 | -10/Exiles | Build established: Scavenger-Mutant 2494 | -10/Exiles | Discovered new exit (range 15) 2519 | -10/Exiles | Met 8R-AWN 2580 | -10/Exiles | Met EX-HEX 2711 | -10/Exiles | Met EX-DEC 2730 | -10/Exiles | Learned location of Zion (-6) 2823 | -10/Exiles | Discovered new exit (range 14) 2845 | -10/Exiles | Build established: Mutant 2862 | -10/Exiles | Entered Mines 2870 | -9/Mines | Core integrity fell below 20% 2882 | -9/Mines | Destroyed by L-31 Rogue with Katana Last Messages --------------- 02730_ Connecting with EX-Message Board... 02730_ Current location identified: Exiles >>Record "MSG001714-01*" PINNED - TO ALL TESTERS: Stay away from Zion. Imprinter means us harm and is serious about it. World map updated: -6/Zion. 02756_ BP>:VQ5LDZA&RE| WLYHHOZ>F IHS #Y1 02808_ System corrupted: Matter fused (-8). 02823_ EXIT=FOUND 02857_ System corrupted: Matter fused (-10). LOCATION=UNKNOWN GOAL=ESCAPE 02863_ Lgt. Armor Plating destroyed. 02864_ L-31 Rogue knocked back. 02866_ Lgt. Treads severed. 02869_ Lgt. Cannon severed. 02874_ Lgt. Ion Engine destroyed. 02876_ L-31 Rogue knocked back. 02880_ Hvy. Assault Rifle destroyed. 02882_ System corrupted: Lgt. Cannon jammed. Map ----- +----------------------------------------------------+ | ????????????????????????????????????????????? | | ????????????????????????????????????????????? | | ????????????????????????????????????????????? | | ????????????????????????????????????????????? | | ????????????????????????????????????????????? | | ????????????????????????????????????????????? | | ????????????????????????????????????????????? | | ????????????????????????????????????????????? | | ????????????????????????????????????????????? | | ????????????????????????????????????????????? | | ????????????????????????????????????????????? | | ????????????????????????????????????????????? | | ????????????????????????????????????????????? | | ????????????????????????????????????????????? | | ????????????????????????????????????????????? | | ????????????????????????????????????????????? | | ????????????????????????????????????????????? | | ????????????????????????????????????????????? | | ????????????????????????????????????????????? | | ????????????????????????????????????????????? | | ????????????????#???????????????????????????? | | ????????????????# ??????????????????????????? | | ???????????????## #?????????????????????????? | | ??????????????## #????????????????????????? | | ??????????????# %######### #???????????? | | ??????????????# g@ #??????????? | | ??????????????## l= #??????????? | | ???????????????## %%###### ## #???????????? | | ????????????????## ##?????????????????????? | | ?????????????????### #??????????????????????? | | ???????????????????# #??????????????????????? | | ???????????????????# #??????????????????????? | | ???????????????????#k#??????????????????????? | | ??????????????????? #??????????????????????? | | ???????????????????# ??????????????????????? | | ????????????????????##??????????????????????? | | ????????????????????????????????????????????? | | ????????????????????????????????????????????? | | ????????????????????????????????????????????? | | ????????????????????????????????????????????? | | ????????????????????????????????????????????? | | ????????????????????????????????????????????? | | ????????????????????????????????????????????? | | ????????????????????????????????????????????? | | | | | | | | | | | | | +----------------------------------------------------+ Best States ------------- Heat Dissipation 35 Energy Generation 10 Energy Capacity 125 Matter Stores 300 Matter Capacity 300 Sight Range 16 Terrain Scan Density 10 Armor Coverage 150 Power Shielding 33 Evasion (%) 50 Recoil Reduction 2 Item Schematics ----------------- None Robot Schematics ------------------ None Fabricated ------------ Nothing Alien Tech Used ----------------- None Achievements -------------- None Challenges ------------ None Game ------ Seed ProcessingShadePlatform Manual? 0 Play Time 00:10:44 Cumulative 80.5 hours Start 2023.09.25 @ 17:00:59 End 2023.09.25 @ 17:12:25 Sessions 1 Manual Loads 0 Difficulty Rogue Special Mode None Game No. 80 Rogue 44 Adventurer 36 Explorer 0 Win Type - Total 7 Types 2/0/5/0/0/0/0/0/0 Lore% 46 Gallery% 68 Achievement% 58 Wizard Run 0 Options --------- ASCII 0 Keyboard 0 Movement Mouse Keybinds 0 Fullscreen 1 Font 18/SmallcapsGlow Map View 76x50 Tactical HUD 1 Map Filters NONE Filters NONE Steam 1 RUN: 1563f76b-90ca-4183-912f-8db9a5aa26ab